[Event "Live Chess"]
[Site "Chess.com"]
[Date "2024.06.02"]
[Round "-"]
[White "BishopofWells"]
[Black "Queensandpawns"]
[Result "0-1"]
[WhiteElo "1536"]
[BlackElo "2280"]
[TimeControl "300"]
[EndTime "5:32:11 PDT"]
[Termination "Queensandpawns won by checkmate"]

1. d4 e5 2. d5 Bc5 3. c4 d6 4. e4 f5 5. Nc3 Nf6 6. Bd3 O-O 7. h3 fxe4 8. Nxe4 Nxe4 9. Bxe4 Qh4 10. Qe2 Rxf2 11.
Qd3 Rf1+ 12. Kd2 Qe1+ 13. Kc2 Rf2+ 14. Kb3 Qb4# 0-1

[Event "Live Chess"]
[Site "Chess.com"]
[Date "2024.06.02"]
[Round "-"]
[White "matt1979"]
[Black "bobby_jamesFischer86"]
[Result "0-1"]
[WhiteElo "1405"]
[BlackElo "1629"]
[TimeControl "300"]
[EndTime "5:32:22 PDT"]
[Termination "bobby_jamesFischer86 won by resignation"]

1. f4 d5 2. e3 c5 3. Nf3 Nf6 4. b3 g6 5. Bb2 Bg7 6. Bb5+ Bd7 7. Bxd7+ Nbxd7 8. O-O O-O 9. d3 Ng4 10. Bxg7 Nxe3 11.
Qd2 Nxf1 12. Kxf1 Kxg7 13. Nc3 e6 14. Kg1 a6 15. Ne5 Nxe5 16. fxe5 f6 17. exf6+ Qxf6 18. Re1 Rf7 19. Nd1 Raf8 20. Qe2 b5 21. Ne3 d4 22.
Ng4 Qe7 23. Ne5 Rf2 24. Qxf2 Rxf2 25. Kxf2 Qh4+ 26. Kf3 Qxh2 27. Ng4 Qd6 28. Re5 h5 29. Rg5 hxg4+ 30. Rxg4 Qd5+ 31. Kg3 c4 32. dxc4 bxc4 33. bxc4 Qxc4 34. Re4 Qxc2 35. Rxe6 Qd3+ 36. Kg4 Qf5+ 0-1

[Event "Live Chess"]
[Site "Chess.com"]
[Date "2024.06.02"]
[Round "-"]
[White "ameetghasi100"]
[Black "ProfessorChess101"]
[Result "0-1"]
[WhiteElo "2757"]
[BlackElo "2738"]
[TimeControl "300"]
[EndTime "5:32:49 PDT"]
[Termination "ProfessorChess101 won by checkmate"]

1. b3 e5 2. Bb2 Nc6 3. e3 a6 4. a3 Nf6 5. Nf3 d6 6. d4 exd4 7. Nxd4 Nxd4 8. Qxd4 Be7 9. Nc3 Be6 10.
Be2 O-O 11. g4 c5 12. Qf4 d5 13. g5 Ne8 14. Rg1 b5 15. Rd1 Qa5 16. Kf1 Bh3+ 17. Ke1 Rd8 18. Qh4 Bf5 19. Rd2 Nc7 20. Qf4 Bg6 21.
h4 Ne6 22. Qg4 d4 23. exd4 Rxd4 24. Rxd4 cxd4 25. b4 Bxb4 26. axb4 Qxb4 27. Ba1 Qa3 28. Nd1 Qxa1 29. h5 Bxc2 30. g6 hxg6 31. hxg6 Bxg6 32. Qh4 Qa5+ 33. Kf1 Qd8 34. Qh3 Nf4 35. Qh2 Nxe2 36.
Kxe2 Re8+ 37. Kf1 Bd3+ 38. Kg2 Qg5+ 39. Qg3 Be4+ 40. f3 Qxg3+ 41. Kxg3 Bg6 42. Nf2 d3 43. Kf4 Re2 44. Ng4 d2 45. Ne3 Re1 46. Rg2 Rxe3 47.
Rxd2 Re6 48. Rd8+ Kh7 49. Rd3 Rf6+ 50. Kg5 Bxd3 51. f4 Rf5+ 52. Kg4 a5 53. Kg3 a4 54. Kg4 a3 55. Kf3 a2 56. Ke3 a1=Q 57. Kf3 Qf1+ 58.
Kg4 Qxf4+ 59. Kh3 Rh5+ 60. Kg2 Rh2+ 61. Kg1 Qf2# 0-1

[Event "Live Chess"]
[Site "Chess.com"]
[Date "2024.06.02"]
[Round "-"]
[White "halfberg"]
[Black "LL220284LL"]
[Result "0-1"]
[WhiteElo "1882"]
[BlackElo "2500"]
[TimeControl "300"]
[EndTime "5:32:51 PDT"]
[Termination "LL220284LL won by resignation"]

1. e4 d6 2. d4 g6 3. Nc3 Bg7 4. f4 c6 5. Nf3 Nf6 6. Bd3 b5 7. a3 a6 8. O-O Bb7 9. Kh1 O-O 10. e5 Nd5 11. Nxd5 cxd5 12. c3 Nc6 13. Qe2 Rc8 14. e6 f5 15. Ng5 Qb6 16. Be3 Na5 17. Qf2 Nb3 18. Rae1 Bf6 19. Qg3 a5 20. Bxf5 gxf5 21. Nf7+ Bg7 22. Nh6+ Kh8 23. Nf7+ Rxf7 24. exf7 Rf8 25.
Bg1 Rxf7 26. Qg5 Qd8 27. Rf3 Nd2 28. Rfe3 Ne4 29. Rh3 Nxg5 30. fxg5 Kg8 0-1

[Event "Live Chess"]
[Site "Chess.com"]
[Date "2024.06.02"]
[Round "-"]
[White "FlyingChessKestrel13"]
[Black "alicechristina"]
[Result "1/2-1/2"]
[WhiteElo "2082"]
[BlackElo "1916"]
[TimeControl "300"]
[EndTime "5:33:01 PDT"]
[Termination "Game drawn by repetition"]

1. e4 e5 2. Nf3 Nf6 3. d3 Nc6 4.
Nc3 d5 5. Be2 d4 6. Nb1 Be7 7.
Nbd2 O-O 8. O-O Bg4 9. Nxd4 Nxd4 10. Bxg4 Nxg4 11. c3 Nxf2 12. Rxf2 Ne6 13. Nf3 Bc5 14. Nxe5 Bxf2+ 15. Kxf2 Qh4+ 16. Kg1 Rad8 17. Nf3 Qh5 18. Be3 Rd7 19. d4 Rfd8 20. Qe2 Qg6 21. Ne5 Qxe4 22. Nxd7 Rxd7 23. Rf1 Re7 24. Qf3 Qxf3 25. Rxf3 f6 26. Bf4 Nxf4 27. Rxf4 Re2 28. Rf2 Re1+ 29. Rf1 Re2 30.
Rf2 Re1+ 31. Rf1 Re2 32. Rf2 1/2-1/2

[Event "Live Chess"]
[Site "Chess.com"]
[Date "2024.06.02"]
[Round "-"]
[White "RamsayFlayer"]
[Black "CarmelJane"]
[Result "1-0"]
[WhiteElo "1936"]
[BlackElo "2010"]
[TimeControl "300"]
[EndTime "5:33:03 PDT"]
[Termination "RamsayFlayer won by resignation"]

1. e4 c5 2. c3 e6 3. d4 cxd4 4.
cxd4 Nf6 5. Nc3 d6 6. Nf3 a6 7.
Bf4 Nc6 8. Be2 Be7 9. O-O O-O 10.
a3 b5 11. b4 Bb7 12. Qb3 d5 13. exd5 Nxd5 14. Nxd5 exd5 15. Rfe1 Bf6 16. Rad1 Ne7 17. Be5 Ng6 18. Bxf6 Qxf6 19. Rc1 Rac8 20. Bd3 Nf4 21. Bf1 Ne6 22. Qd3 Qf4 23. g3 Qh6 24. Qe3 Qf6 25. Ne5 Ng5 26. Nd7 Nf3+ 27. Kh1 Qg5 28. Qxg5 Nxg5 29. Nxf8 Rxf8 30. Rc7 Bc8 31. Bg2 Be6 32. Re5 h6 33. Bxd5 Bxd5+ 34. Rxd5 Re8 35. Kg2 Re2 36. h4 Ne4 37. Rd8+ Kh7 38. Rxf7 Rxf2+ 39. Rxf2 1-0

[Event "Live Chess"]
[Site "Chess.com"]
[Date "2024.06.02"]
[Round "-"]
[White "gmnorfolk"]
[Black "PETROMICH1967"]
[Result "1-0"]
[WhiteElo "2149"]
[BlackElo "1352"]
[TimeControl "300"]
[EndTime "5:33:18 PDT"]
[Termination "gmnorfolk won on time"]

1. c4 Nf6 2. Nc3 g6 3. Nf3 Bg7 4. g3 d6 5. Bg2 e5 6. O-O c6 7. d4 e4 8. Ng5 d5 9. cxd5 cxd5 10.
f3 h6 11. Nh3 O-O 12. Nf2 Nc6 13. fxe4 dxe4 14. d5 Nb4 15. d6 Re8 16. Nfxe4 Nxe4 17. Nxe4 Qb6+ 18. Kh1 Bf5 19. Nc3 Rad8 20. e4 Be6 21. a3 Rxd6 22. Qe2 Nd3 23. Bf4 Nxf4 24. gxf4 Red8 25.
f5 gxf5 26. exf5 Rd2 27. Qg4 Bd5 28. Nxd5 R8xd5 29. Bxd5 Rxd5 30. Rg1 1-0

[Event "Live Chess"]
[Site "Chess.com"]
[Date "2024.06.02"]
[Round "-"]
[White "Tatarinov_Maxim"]
[Black "stevochess11"]
[Result "1-0"]
[WhiteElo "2289"]
[BlackElo "1688"]
[TimeControl "300"]
[EndTime "5:33:42 PDT"]
[Termination "Tatarinov_Maxim won by resignation"]

1. Nf3 c5 2. g3 Nc6 3. Bg2 g6 4. O-O Bg7 5. c4 d5 6. Nc3 d4 7. Nb1 f5 8. d3 e5 9. Na3 a6 10. Nc2 Nf6 11. b4 b6 12. Nxe5 Nxe5 13. Bxa8 Be6 14. Bg2 h5 15. bxc5 bxc5 16. e3 dxe3 17. Nxe3 Qxd3 18. Bb2 Qxd1 19. Raxd1 Nxc4 20. Nxc4 Bxc4 21. Rfe1+ Kf7 22. Rc1 Bxa2 23. Rxc5 Rb8 24. Rc7+ Kg8 25.
Be5 Re8 26. Rxg7+ Kxg7 27. Bxf6+ Kxf6 28. Rxe8 1-0

[Event "Live Chess"]
[Site "Chess.com"]
[Date "2024.06.02"]
[Round "-"]
[White "Duke_of_Bebington"]
[Black "Dhaydon19"]
[Result "0-1"]
[WhiteElo "1616"]
[BlackElo "2641"]
[TimeControl "300"]
[EndTime "5:34:16 PDT"]
[Termination "Dhaydon19 won by resignation"]

1. e4 e6 2. d4 d5 3. Nd2 dxe4 4.
Nxe4 Be7 5. Nf3 Nd7 6. Bd3 Ngf6 7. O-O Nxe4 8. Bxe4 Nf6 9. Re1 Nxe4 10. Rxe4 b6 11. Rg4 g6 12. Bg5 Bb7 13. Bxe7 Qxe7 14. Rg3 O-O-O 15.
c3 c5 16. Qa4 Kb8 17. dxc5 Qxc5 18. Nd4 e5 19. Nb5 a6 20. Na3 f5 21. Re1 e4 22.
Nc2 b5 23. Qb3 Rd2 24. Nd4 Bd5 25. Qa3 Qxa3 26. bxa3 Rxa2 0-1

[Event "Live Chess"]
[Site "Chess.com"]
[Date "2024.06.02"]
[Round "-"]
[White "IgorSchukin"]
[Black "friarnator"]
[Result "0-1"]
[WhiteElo "1770"]
[BlackElo "2197"]
[TimeControl "300"]
[EndTime "5:34:47 PDT"]
[Termination "friarnator won by resignation"]

1. e4 Nf6 2. Nc3 d5 3. exd5 Nxd5 4. g3 c6 5. Bg2 Bf5 6. d3 e6 7. Nf3 Be7 8. O-O O-O 9. Re1 Nd7 10. h3 h6 11. g4 Bh7 12. Nxd5 cxd5 13. Bf4 Rc8 14. c3 b5 15. a3 a5 16. d4 Qb6 17. Qd2 b4 18. axb4 axb4 19. Ne5 Nxe5 20. Bxe5 bxc3 21.
bxc3 Qb3 22. Rec1 Rc6 23. c4 Rxc4 24. Rxc4 Qxc4 25. Rc1 Qd3 26. Qa5 Bg5 27. f4 Qe3+ 28. Kh2 Bxf4+ 29. Bxf4 Qxf4+ 30. Kg1 Qxc1+ 31. Kh2 Qf4+ 32.
Kg1 Be4 0-1

[Event "Live Chess"]
[Site "Chess.com"]
[Date "2024.06.02"]
[Round "-"]
[White "yarek"]
[Black "KeithArkell"]
[Result "0-1"]
[WhiteElo "1760"]
[BlackElo "2418"]
[TimeControl "300"]
[EndTime "5:34:54 PDT"]
[Termination "KeithArkell won by resignation"]

1. e4 c6 2. Nf3 d5 3. d3 Bg4 4. Be2 e6 5. h3 Bxf3 6. Bxf3 Nd7 7. O-O Ngf6 8. Re1 dxe4 9. dxe4 e5 10. Be3 Bc5 11. Nc3 Bxe3 12. Rxe3 Nc5 13. Qe2 a5 14.
Rd1 Qe7 15. a4 O-O 16. g3 Rfd8 17. Kh2 Rd4 18. Bg2 Rad8 19. f3 Rxd1 20. Nxd1 Nxa4 21. c3 Nc5 22. b4 axb4 23. cxb4 Ne6 24. Nc3 Qxb4 25.
f4 exf4 26. gxf4 Nxf4 27. Qf3 Ng6 28. e5 Nd5 29. e6 fxe6 30. Nxd5 exd5 31. Qf5 Qf4+ 32.
Qxf4 Nxf4 0-1

[Event "Live Chess"]
[Site "Chess.com"]
[Date "2024.06.02"]
[Round "-"]
[White "slava_ukr"]
[Black "GwaryTek"]
[Result "0-1"]
[WhiteElo "2354"]
[BlackElo "1849"]
[TimeControl "300"]
[EndTime "5:35:07 PDT"]
[Termination "GwaryTek won by resignation"]

1. e4 Nf6 2. Nc3 d5 3. e5 Ne4 4. Nxe4 dxe4 5. d4 exd3 6. Bxd3 Nc6 7. Bf4 Qd5 8. Nf3 Bg4 9. h3 Bxf3 10. Qxf3 Qxf3 11.
gxf3 e6 12. O-O-O O-O-O 13. Be4 Bc5 14. Bxc6 bxc6 15. Be3 Bb6 16. f4 Rd5 17. c4 Bxe3+ 18. fxe3 Rd7 19. Rxd7 Kxd7 20. Rg1 g6 21. Kc2 Rb8 22.
h4 h5 23. a3 a5 24. b3 Ke7 25. Kc3 c5 26. Rb1 f6 27. b4 axb4+ 28. axb4 fxe5 29.
b5 exf4 30. exf4 Rf8 31. Re1 Rxf4 32. Re5 Kd6 33. Rg5 Rg4 34. Rxg4 hxg4 35. Kd3 Ke5 36. Ke3 Kf5 37. Ke2 Kf4 38. Kf2 g3+ 39. Kg2 Kg4 0-1

[Event "Live Chess"]
[Site "Chess.com"]
[Date "2024.06.02"]
[Round "-"]
[White "AlanBstard10"]
[Black "juniortay"]
[Result "0-1"]
[WhiteElo "1228"]
[BlackElo "2339"]
[TimeControl "300"]
[EndTime "5:35:19 PDT"]
[Termination "juniortay won by checkmate"]

1. b4 e5 2. Bb2 Bxb4 3. Bxe5 Nf6 4. c3 Ba5 5. d4 O-O 6. Qa4 Bb6 7. Nf3 Re8 8. Nbd2 Nc6 9. Nc4 Nxe5 10. Nfxe5 Nd5 11. Nxb6 Nxb6 12. Qc2 d6 13. Nf3 Qf6 14. g3 Qxf3 15. Rg1 Bf5 16. Qb3 Bd3 17. e3 Bxf1 18. Rxf1 Nd5 19. Qxb7 Rab8 20. Qxa7 Rb2 21. Qa6 Rxe3+ 22. fxe3 Qxe3+ 23. Kd1 Qd2# 0-1

[Event "Live Chess"]
[Site "Chess.com"]
[Date "2024.06.02"]
[Round "-"]
[White "ProfPoisson"]
[Black "elephantgerrald"]
[Result "1-0"]
[WhiteElo "1321"]
[BlackElo "871"]
[TimeControl "300"]
[EndTime "5:35:37 PDT"]
[Termination "ProfPoisson won by checkmate"]

1. e4 e5 2. Nf3 Nf6 3. Nxe5 Nxe4 4. Qe2 d5 5. Nf3 Be6 6. Qb5+ Nc6 7. Qxb7 Na5 8. Qb5+ Bd7 9. Qxa5 Bd6 10. Qxd5 O-O 11.
Be2 Nf6 12. Qd3 Re8 13. O-O Bc6 14. Nc3 h6 15. Qc4 Bxf3 16. Bxf3 Rb8 17. d3 Qe7 18. Bxh6 Qe5 19. g3 Rb4 20. Qc6 Rh4 21. Rae1 Qxe1 22.
Rxe1 Rxe1+ 23. Kg2 Rxh6 24. Ne4 Nxe4 25. dxe4 Bxg3 26.
Qe8+ Kh7 27. fxg3 Rf6 28. Kf2 Rc1 29. Qb5 Rxc2+ 30. Ke3 Kg6 31. Qh5# 1-0

[Event "Live Chess"]
[Site "Chess.com"]
[Date "2024.06.02"]
[Round "-"]
[White "Ferrarifan27"]
[Black "upoe610"]
[Result "1-0"]
[WhiteElo "2160"]
[BlackElo "2125"]
[TimeControl "300"]
[EndTime "5:35:43 PDT"]
[Termination "Ferrarifan27 won by resignation"]

1. e4 e5 2. Nf3 Nc6 3. Bb5 a6 4.
Ba4 Nf6 5. O-O Be7 6. Re1 b5 7. Bb3 O-O 8. c3 d5 9. exd5 Nxd5 10. Nxe5 Nxe5 11. Rxe5 c6 12. d3 Bd6 13. Re1 Bf5 14.
Qf3 Re8 15. Rxe8+ Qxe8 16. Bd2 Qe6 17. Na3 Re8 18. Nc2 Bg4 19. Qe4 Qxe4 20. dxe4 Nf6 21.
f3 Bc5+ 22. Be3 Bxe3+ 23. Nxe3 Be6 24. Bxe6 Rxe6 25. Rd1 Kf8 26. Nf5 g6 27. Rd8+ Ne8 28. Nd4 Re5 29. Nxc6 Rc5 30. Nb8 a5 31. Nd7+ Ke7 32.
Nxc5 Kxd8 33. Nb7+ Kc7 34. Nxa5 Kb6 35. Nb3 Nd6 36.
Nd2 Kc5 37. Kf2 Nc8 38. Ke3 Nb6 39. b3 b4 40. cxb4+ Kxb4 41. Nc4 Nd7 42. Kd4 Kb5 43. Nd6+ 1-0

[Event "Live Chess"]
[Site "Chess.com"]
[Date "2024.06.02"]
[Round "-"]
[White "davigator"]
[Black "RuslanChessN"]
[Result "0-1"]
[WhiteElo "2386"]
[BlackElo "1947"]
[TimeControl "300"]
[EndTime "5:35:56 PDT"]
[Termination "RuslanChessN won by resignation"]

1. e4 c6 2. d4 d5 3. e5 Bf5 4.
h4 h5 5. c4 e6 6. Nc3 Bb4 7. Qb3 Bxc3+ 8. bxc3 Qb6 9. c5 Qxb3 10.
axb3 Nd7 11. b4 f6 12. Bf4 fxe5 13. dxe5 Ne7 14. Nf3 Be4 15. Nd4 Kf7 16. f3 Bh7 17.
Kd2 Ng6 18. Bg3 Ngxe5 19. Re1 Kf6 20. Nxe6 Kxe6 21. f4 Rhf8 22. fxe5 a5 23. Ra1 axb4 24. Rxa8 Rxa8 25. cxb4 Nxe5 26. Be2 Ra2+ 27. Ke3 Ra3+ 28. Kf2 Bd3 29. Bxh5 g6 30. Re1 Be4 31. Bf3 Nd3+ 32.
Kf1 Nxe1 33. Bxe1 Bxf3 34. gxf3 Rxf3+ 35. Kg2 Rf4 36. Kg3 Re4 37. Bd2 Ke5 38. Bc3+ d4 39.
Bd2 Kd5 40. Kf3 Rxh4 0-1

[Event "Live Chess"]
[Site "Chess.com"]
[Date "2024.06.02"]
[Round "-"]
[White "defenderalist"]
[Black "WilliamofOrange16th"]
[Result "1/2-1/2"]
[WhiteElo "1549"]
[BlackElo "1998"]
[TimeControl "300"]
[EndTime "5:36:05 PDT"]
[Termination "Game drawn - timeout vs insufficient material"]

1. e4 d6 2. d4 Nf6 3. Nc3 Nbd7 4.
Bc4 e5 5. dxe5 dxe5 6. Nf3 Be7 7.
O-O O-O 8. Bg5 c6 9. a3 Qc7 10. h3 Nc5 11. Qe2 Ne6 12. Bh4 b5 13. Ba2 Nd4 14.
Nxd4 exd4 15. Nd1 c5 16. e5 Ne8 17. Bxe7 Qxe7 18. f4 a6 19. f5 Nc7 20. f6 Qd8 21. fxg7 Kxg7 22. Qh5 Be6 23. Bxe6 Nxe6 24. Nf2 Qg5 25. Qe2 Nf4 26. Qe4 Rae8 27. Ng4 Nxh3+ 28. gxh3 h5 29. Rf4 Kh8 30. Kh2 hxg4 31. Rxg4 Qxe5+ 32. Qxe5+ Rxe5 33. Rag1 Rh5 34. Rg5 Rxg5 35. Rxg5 f5 36. h4 Kh7 37. Kh3 Kh6 38. Kg3 f4+ 39. Kf3 c4 40. Rd5 d3 41. cxd3 cxd3 42. Rxd3 Kh5 43.
Rd6 Kxh4 44. Rxa6 Kg5 45. Rb6 Rf5 46. Rb8 Rd5 47. Rg8+ Kf5 48. Rf8+ Ke5 49. Rxf4 Rd2 50. Rb4 Rd5 51. Ke3 Kd6 52. Rd4 Kc5 53. Rxd5+ Kxd5 54. Kd3 Kc5 55. b4+ Kd5 56. Kc3 Ke4 57. Kc2 Kd4 58.
Kb3 Kd3 59. a4 Kd4 60. a5 Kd5 61. Kc3 Ke5 62. Kd3 Kd5 63. a6 Kc6 64. Kd4 Kb6 65.
a7 Kxa7 66. Kc5 Ka6 67. Kc6 Ka7 68. Kxb5 Kb7 69. Kc5 Kc7 70. Kb5 Kb7 71. Kc5 Kc7 72. Kd5 Kb6 73. Kc4 Kc6 74. Kd4 Kb5 75. Kc3 Kb6 76. Kc4 Kc6 1/2-1/2

[Event "Live Chess"]
[Site "Chess.com"]
[Date "2024.06.02"]
[Round "-"]
[White "StoreySniper"]
[Black "TheSmoulderingMaster"]
[Result "1-0"]
[WhiteElo "2497"]
[BlackElo "1777"]
[TimeControl "300"]
[EndTime "5:36:09 PDT"]
[Termination "StoreySniper won by resignation"]

1. e4 c5 2. Nf3 d6 3. d4 cxd4 4.
c3 dxc3 5. Nxc3 Nc6 6. Bc4 e6 7. O-O Nf6 8. Qe2 Be7 9. Rd1 O-O 10. Bf4 e5 11. Bg5 Bg4 12. Bxf6 Bxf6 13. Nb5 Be7 14. h3 Bh5 15. g4 Bg6 16. Rd2 a6 17. Nxd6 Bxd6 18.
Rad1 Nd4 19. Nxd4 exd4 20. Rxd4 Qh4 21. Rxd6 Qxh3 22. R1d3 Qh4 23. f4 Rac8 24. Rc3 b5 25. f5 Rxc4 26. Rxc4 bxc4 27. Kg2 Bh5 28. gxh5 Qg5+ 29. Kh3 Qf4 30. Rd4 h6 31. Rxc4 Re8 32. b3 Rd8 33. Rc3 Rd2 34. Rf3 Qd6 35. e5 Qd5 36. Qe3 Rd1 37. e6 Rh1+ 38. Kg2 Qd1 39. e7 Rxh5 40. e8=Q+ Kh7 41. Rf1 Qc2+ 42. Rf2 Qd1 43. Rf1 Qg4+ 44. Qg3 Qd4 45. Qe2 Rg5 46. Rf3 Rxg3+ 47. Rxg3 Qd5+ 48. Qf3 Qd2+ 49. Kh3 Qd7 50. Qg4 f6 51. Qg6+ Kh8 52. Re3 1-0

[Event "Live Chess"]
[Site "Chess.com"]
[Date "2024.06.02"]
[Round "-"]
[White "Grace6363"]
[Black "booktrunk"]
[Result "0-1"]
[WhiteElo "1139"]
[BlackElo "1498"]
[TimeControl "300"]
[EndTime "5:36:43 PDT"]
[Termination "booktrunk won on time"]

1. d4 b6 2. Nf3 Bb7 3. c4 e6 4. e3 Nf6 5. Nc3 Bb4 6. Be2 a5 7. a3 Bxc3+ 8. bxc3 O-O 9. Qc2 Be4 10. Bd3 Bxd3 11. Qxd3 c6 12. Bb2 Re8 13. O-O Qe7 14. Rfe1 d6 15. e4 Nbd7 16. Bc1 e5 17. Bg5 exd4 18.
cxd4 h6 19. Bh4 g5 20. Bg3 Qf8 21. Nd2 Nh5 22. Rab1 Nxg3 23. fxg3 Rab8 24. Nf3 Nf6 25. h3 c5 26. d5 Nh5 27. Kh2 Qg7 28. Nd2 Re5 29. Re2 g4 30. h4 Qf6 31. Rf1 Qe7 32.
Ref2 Rf8 33. Rf5 Rxf5 34. Rxf5 Ng7 35. Rf4 h5 36. Qc3 f6 37. Qb3 Rb8 38. Qc3 Kf7 39. Qb2 Rb7 40. Qc3 Qe5 41. Qxe5 dxe5 42. Rf2 Ne8 43.
Nb1 Nd6 44. Nd2 b5 45. cxb5 Rxb5 46. Re2 Rb2 47. Kg1 c4 48. Kf1 c3 49. Nc4 Rb1+ 50.
Kf2 Nxe4+ 51. Rxe4 c2 52. d6 c1=Q 53. d7 Qf1+ 54. Ke3 Re1+ 55. Kd2 Rd1+ 0-1

[Event "Live Chess"]
[Site "Chess.com"]
[Date "2024.06.02"]
[Round "-"]
[White "MagnersCarlsberg2870"]
[Black "missedJariChance"]
[Result "0-1"]
[WhiteElo "1761"]
[BlackElo "1375"]
[TimeControl "300"]
[EndTime "5:36:58 PDT"]
[Termination "missedJariChance won by resignation"]

1. d4 d5 2. e3 e6 3. Bd3 c5 4.
c3 Nc6 5. f4 Be7 6. Nf3 Nf6 7.
Nbd2 O-O 8. O-O cxd4 9. Rf2 dxe3 10. Re2 exd2 11. Bxd2 Bd6 12. Ne5 Qe7 13. g4 Bc5+ 14.
Kh1 Nxe5 15. fxe5 Nxg4 16. Rg2 Nxe5 17. Bxh7+ Kxh7 18. Qh5+ Kg8 19. Qxe5 f6 20. Qh5 Qf7 21. Rg6 e5 22. Bh6 Be6 23. Bxg7 Qxg7 24. Rxg7+ Kxg7 25. Rf1 Rh8 26. Qf3 Raf8 27. c4 e4 28. Qg3+ Kf7 29. Qc7+ Be7 30. Qxb7 dxc4 31. Qxe4 Rd8 32.
Re1 Bd5 33. Qxd5+ Rxd5 34. a3 Rd2 0-1

[Event "Live Chess"]
[Site "Chess.com"]
[Date "2024.06.02"]
[Round "-"]
[White "Bradfield133"]
[Black "Duke_of_Bebington"]
[Result "1-0"]
[WhiteElo "1840"]
[BlackElo "1612"]
[TimeControl "300"]
[EndTime "5:37:02 PDT"]
[Termination "Bradfield133 won by resignation"]

1. c4 c6 2. Qa4 Nf6 3. g3 e6 4.
Bg2 d5 5. d3 Nbd7 6. Nf3 Nb6 7.
Qc2 Be7 8. O-O O-O 9. Nbd2 Qc7 10. b3 a5 11. Bb2 a4 12. Be5 Bd6 13. Bxd6 Qxd6 14. c5 Qc7 15. cxb6 Qxb6 16. bxa4 1-0

[Event "Live Chess"]
[Site "Chess.com"]
[Date "2024.06.02"]
[Round "-"]
[White "Ksenia_2013"]
[Black "Mikhail_Golubev"]
[Result "0-1"]
[WhiteElo "973"]
[BlackElo "2484"]
[TimeControl "300"]
[EndTime "5:37:14 PDT"]
[Termination "Mikhail_Golubev won by checkmate"]

1. e4 c5 2. Bc4 e6 3. Nc3 Nc6 4. Nf3 Nf6 5. O-O d6 6. d3 Be7 7.
Bg5 h6 8. Bxf6 Bxf6 9. e5 Nxe5 10. Nxe5 Bxe5 11. Bb5+ Bd7 12. Bxd7+ Qxd7 13. Qf3 O-O 14. Rae1 b5 15. a3 a5 16. b4 Bxc3 17. Rd1 axb4 18. axb4 cxb4 19. Qe2 Ra2 20. Rb1 Qc6 21. Rfd1 Bd4 22.
Rdc1 Qc5 23. c3 Rxe2 24. cxd4 Qxd4 25. Re1 Qxf2+ 26. Kh1 Qxg2# 0-1

[Event "Live Chess"]
[Site "Chess.com"]
[Date "2024.06.02"]
[Round "-"]
[White "vincents82"]
[Black "lateforthesky"]
[Result "0-1"]
[WhiteElo "1991"]
[BlackElo "2069"]
[TimeControl "300"]
[EndTime "5:37:51 PDT"]
[Termination "lateforthesky won by resignation"]

1. e4 c5 2. Nf3 Nf6 3. Nc3 d5 4. e5 Nfd7 5. d4 e6 6. Be2 Nc6 7. dxc5 Bxc5 8. Bf4 Qb6 9. Na4 Qa5+ 10. c3 Be7 11. b4 Qc7 12. O-O Ncxe5 13. Nxe5 Nxe5 14. Nc5 Nf3+ 15. Bxf3 Qxf4 16. Qa4+ Kf8 17. Nd7+ Bxd7 18. Qxd7 Qb8 19. Rfe1 Qc8 20. Qa4 a6 21. Rad1 b5 22.
Qb3 g6 23. a4 Bf6 24. axb5 axb5 25. Ra1 Kg7 26. Rxa8 Qxa8 27. Be2 Qb7 28. Qc2 Rc8 29. Qd3 Rxc3 30. Qxb5 Qxb5 31. Bxb5 Rb3 32. Be2 Rxb4 33. Kf1 Bd4 34. Rd1 f5 35. h4 Kf6 36. f3 e5 37. Rc1 Rb6 38. Bd3 h5 39. Rb1 e4 40.
Rxb6+ Bxb6 41. fxe4 fxe4 42. Bb5 Ke5 43. Ke2 Kf4 44. Be8 Kg4 45. Bxg6 Kxh4 46. Bf7 d4 47. Bd5 d3+ 48. Kd2 Ba5+ 49. Ke3 d2 50. Bb3 Kg3 51.
Kxe4 Kxg2 52. Ke3 h4 53. Ke2 h3 54. Bd5+ Kg1 55. Kd1 h2 56. Be4 h1=Q 57. Bxh1 Kxh1 58. Ke2 Kg2 59. Kd1 Kf2 0-1

[Event "Live Chess"]
[Site "Chess.com"]
[Date "2024.06.02"]
[Round "-"]
[White "imchessive"]
[Black "ACM42"]
[Result "0-1"]
[WhiteElo "1594"]
[BlackElo "2225"]
[TimeControl "300"]
[EndTime "5:38:00 PDT"]
[Termination "ACM42 won by resignation"]

1. d4 Nf6 2. c4 g6 3. Nf3 Bg7 4. g3 O-O 5. Bg2 d6 6. Nc3 c5 7.
O-O Nc6 8. dxc5 dxc5 9. Bf4 Be6 10. Qb3 Qb6 11. Qxb6 axb6 12. b3 Nh5 13. Bd2 Rfd8 14.
Rac1 Nb4 15. Na4 Nxa2 16. Rc2 Nb4 17. Bxb4 cxb4 18. Nxb6 Ra3 19. Nd2 Bc3 20. Ne4 Rxb3 21. Nxc3 bxc3 22. Na4 Bxc4 23. Nc5 Rb2 24. Rfc1 b6 25.
Na4 Rxc2 26. Rxc2 Bb3 27. Rxc3 Bxa4 28. e4 Rd1+ 29. Bf1 Bb5 0-1

[Event "Live Chess"]
[Site "Chess.com"]
[Date "2024.06.02"]
[Round "-"]
[White "megabusyman"]
[Black "slava_ukr"]
[Result "0-1"]
[WhiteElo "1867"]
[BlackElo "2355"]
[TimeControl "300"]
[EndTime "5:38:19 PDT"]
[Termination "slava_ukr won by checkmate"]

1. e4 c5 2. Nc3 Nc6 3. f4 g6 4. Nf3 Bg7 5. Bb5 d6 6. Bxc6+ bxc6 7. O-O e6 8. d4 Ne7 9. dxc5 d5 10. e5 O-O 11. Nd4 Bd7 12. b4 f6 13. Re1 fxe5 14. fxe5 Nf5 15. Nxf5 Rxf5 16. Bb2 Bxe5 17. g4 Bxh2+ 18. Kxh2 Qh4+ 19. Kg2 Rf2+ 20. Kg1 Qh2# 0-1

[Event "Live Chess"]
[Site "Chess.com"]
[Date "2024.06.02"]
[Round "-"]
[White "bobby_jamesFischer86"]
[Black "Queensandpawns"]
[Result "0-1"]
[WhiteElo "1629"]
[BlackElo "2280"]
[TimeControl "300"]
[EndTime "5:38:27 PDT"]
[Termination "Queensandpawns won by resignation"]

1. d4 e5 2. dxe5 Nc6 3. Nf3 Qe7 4. e3 Nxe5 5. c3 c6 6. Be2 d5 7. O-O Nf6 8. b3 Bf5 9. Bb2 Qd6 10. c4 Nxf3+ 11.
Bxf3 O-O-O 12. cxd5 cxd5 13. Nc3 Ne4 14. Nxe4 dxe4 15.
Be2 Qxd1 16. Rfxd1 Bd6 17. Rac1+ Kd7 18. Bb5+ Ke7 19. g3 a6 20. Bf1 f6 21. a3 Rc8 22.
b4 Bg4 23. Rxc8 Rxc8 24. Rc1 Rxc1 25. Bxc1 Be6 26. h3 Bb3 27. Bb2 Ke6 28. h4 Kd5 29. Be2 Bc4 30. Kf1 Bxe2+ 31. Kxe2 Kc4 32. Kd2 Kb3 33. Bc1 a5 34. bxa5 Bxa3 35. Bxa3 Kxa3 36.
Kc3 Ka4 37. a6 bxa6 38. Kd4 Kb4 39. Kxe4 a5 40. Kf5 a4 41. f4 a3 42. e4 a2 43. e5 a1=Q 44. e6 Qa5+ 0-1

[Event "Live Chess"]
[Site "Chess.com"]
[Date "2024.06.02"]
[Round "-"]
[White "WilliamofOrange16th"]
[Black "davigator"]
[Result "1-0"]
[WhiteElo "2012"]
[BlackElo "2362"]
[TimeControl "300"]
[EndTime "5:38:36 PDT"]
[Termination "WilliamofOrange16th won by resignation"]

1. e4 c5 2. Nc3 Nc6 3. g3 g6 4.
Bg2 Bg7 5. d3 d6 6. Be3 Nf6 7. h3 O-O 8. Qd2 Re8 9. Bh6 Bh8 10.
Nge2 Rb8 11. O-O b5 12. a3 a5 13. f4 Nd4 14. Nxd4 cxd4 15. Ne2 Nd7 16. g4 Qc7 17. f5 Ne5 18. fxg6 hxg6 19. Nf4 Be6 20. Nxe6 fxe6 21. Bf4 Qc5 22. b4 axb4 23. axb4 Qc7 24. Bxe5 Bxe5 25. Qh6 Qd7 26. Qxg6+ Bg7 27. Rf7 1-0

[Event "Live Chess"]
[Site "Chess.com"]
[Date "2024.06.02"]
[Round "-"]
[White "ukraineZelensky"]
[Black "Pandreq"]
[Result "1-0"]
[WhiteElo "1427"]
[BlackElo "1236"]
[TimeControl "300"]
[EndTime "5:38:46 PDT"]
[Termination "ukraineZelensky won by checkmate"]

1. d4 d5 2. e3 c6 3. c4 Nf6 4. Nc3 Bf5 5. cxd5 cxd5 6. Nf3 e6 7. a3 Nbd7 8. Ne5 Nxe5 9. dxe5 Nd7 10. Bb5 a6 11.
Bxd7+ Qxd7 12. O-O Rc8 13. h3 Qc7 14. Qd4 Bc5 15.
Qf4 O-O 16. Bd2 Bd3 17. Rfe1 Bc4 18. Na4 Ba7 19. Rac1 Qc6 20. Nc3 Bb8 21. e4 dxe4 22. Nxe4 Qd7 23. Bc3 Bd5 24. Nd6 Bxd6 25. exd6 Rc6 26.
Be5 Rfc8 27. Rxc6 Rxc6 28. h4 Rc4 29. Qg3 g6 30. h5 Be4 31. hxg6 hxg6 32. Qh3 f5 33.
Qh8+ Kf7 34. Qg7+ Ke8 35. Qg8# 1-0